 Dungeon Crawl Stone Soup version 0.30-a0-305-g026cb31310 (webtiles) character file.

Game seed: 13109069633959666925

175 sleeves the Cudgeller (level 5, -2/50 HPs)
             Began as an Ogre Warper on Oct 21, 2022.
             Slain by Edmund
             ... wielding a +2 flail of holy wrath
              (4 damage)
             ... on level 3 of the Dungeon.
             The game lasted 00:03:29 (3743 turns).

sleeves the Cudgeller (Ogre Warper)                 Turns: 3743, Time: 00:03:29

Health: -2/50      AC:  3    Str: 17    XL:     5   Next: 55%
Magic:  8/8        EV:  9    Int: 14    God:
Gold:   232        SH:  0    Dex:  8    Spells: 8/8 levels left

rFire   . . .      SeeInvis .    a - +0 mace
rCold   . . .      Faith    .    (no shield)
rNeg    . . .      Spirit   .    b - +0 robe
rPois   .          Reflect  .    (helmet restricted)
rElec   .          Harm     .    (no cloak)
rCorr   .          Rampage  .    (gloves unavailable)
Will    .....                    (boots unavailable)
Stlth   +.........               (no amulet)
HPRegen 0.28/turn                (no ring)
MPRegen 0.11/turn                (no ring)

@: mighty, flying
A: large, unfitting armour, tough skin 1
a: no special abilities


You were on level 3 of the Dungeon.
You visited 1 branch of the dungeon, and saw 4 of its levels.

You collected 232 gold pieces.

Inventory:

Hand Weapons
 a - a +0 mace (weapon)
Missiles
 d - 7 boomerangs of dispersal
 p - 3 poisoned darts (quivered)
Armour
 b - a +0 robe (worn)
Scrolls
 c - a scroll of blinking
 e - a scroll of enchant armour {unknown}
 g - 6 scrolls of identify {unknown}
 j - 2 scrolls of enchant weapon {unknown}
 k - a scroll of poison {unknown}
 l - a scroll of noise {unknown}
 n - a scroll of silence {unknown}
 o - a scroll of teleportation {unknown}
 q - a scroll of summoning {unknown}
Potions
 f - a potion of might
 h - 2 potions of flight
 i - 2 potions of curing {unknown}
 m - a potion of brilliance {unknown}


   Skills:
 - Level 2.6 Fighting
 + Level 5.1 Maces & Flails
 - Level 1.0 Throwing
 - Level 2.1 Dodging
 - Level 2.4 Spellcasting
 - Level 2.6 Translocations


You had 8 spell levels left.
You didn't know any spells.
Your spell library contained the following spells:

 Spells                   Type           Power      Damage    Failure   Level
 Blink                    Tloc           18%        N/A       12%         2
 Sting                    Tmut/Pois      4%         1d3       22%         1
 Lesser Beckoning         Tloc           18%        N/A       22%         3
 Teleport Other           Tloc           9%         N/A       22%         3
 Poisonous Vapours        Pois/Air       2%         N/A       34%         2
 Vhi's Electric Charge    Tloc/Air       10%        N/A       36%         3
 Manifold Assault         Tloc           9%         N/A       58%         4
 Olgreb's Toxic Radiance  Pois           1%         N/A       92%         4


Dungeon Overview and Level Annotations

Branches:
Dungeon (4/15)
 Temple: D:4-7

Altars:
Qazlal

Shops:
D:2 *![

Annotations:
D:3 Edmund
D:4 Menkaure


Innate Abilities, Weirdness & Mutations

You are too large for most types of armour.
You have tough skin. (AC +1)


Message History

You hit Robin.
Robin is almost dead.
Robin hits you with a +0 falchion!
* * * LOW HITPOINT WARNING * * *
Robin hits you with a +0 falchion.
* * * LOW HITPOINT WARNING * * *
You hit Robin but do no damage.
Robin is almost dead.
Robin hits you with a +0 falchion.
* * * LOW HITPOINT WARNING * * *
You hit Robin but do no damage.
Robin is almost dead.
Robin hits you with a +0 falchion.
* * * LOW HITPOINT WARNING * * *
You hit Robin.
You kill Robin!
You now have 116 gold pieces (gained 18).
Things that are here:
a +0 falchion; a +0 animal skin; a +0 helmet Key pressed, stopping explore.
There is an open door here.
There is an open door here.
A goblin comes into view. It is wielding a +0 club.
A goblin is nearby!
A goblin is nearby!
The goblin shouts!
The goblin completely misses you.
You completely miss the goblin. The goblin hits you with a +0 club.
You hit the goblin.
You kill the goblin!
No target in view!
No target in view!
No target in view!
No target in view!
No target in view!
No target in view!
There is a stone staircase leading down here.
There is an entrance to Lodim's Armour Emporium here.
A hobgoblin comes into view.
A hobgoblin is nearby!
A hobgoblin is nearby!
The hobgoblin shouts!
You hit the hobgoblin.
The hobgoblin is lightly wounded.
The hobgoblin hits you but does no damage.
The hobgoblin barely misses you.
You barely miss the hobgoblin.
The hobgoblin is lightly wounded.
The hobgoblin hits you.
You hit the hobgoblin but do no damage.
The hobgoblin is lightly wounded.
The hobgoblin hits you but does no damage.
You sock the hobgoblin!
You kill the hobgoblin!
No target in view!
No target in view!
No target in view!
You see here 7 stones.
There is an open door here.
You open the door.
There is an open door here.
There is an open door here.
Done exploring.
Done exploring.
Done exploring.
(D) Dungeon
Where to? (Enter - D:2 @ (x,y), ? - help)
There is an open door here.
You open the door.
There is an open door here.
There is a stone staircase leading up here.
You climb upwards.
The goblin shouts!
You hear a shout!
Found a club and a blue potion.
There is a stone staircase leading down here.
There are monsters nearby!
There are monsters nearby!
There are monsters nearby!
There are monsters nearby!
You hit the kobold.
You kill the kobold!
The goblin hits you with a +0 dagger.
A kobold comes into view. It is wielding a +0 short sword.
You hit the goblin but do no damage. The goblin hits you but does no damage.
You barely miss the goblin.
The goblin hits you with a +0 dagger. x2
An endoplasm comes into view.
The endoplasm quivers.
You hit the goblin.
The goblin is severely wounded.
The goblin hits you with a +0 dagger.
You closely miss the goblin.
The goblin is severely wounded.
The goblin hits you with a +0 dagger.
A goblin comes into view. It is wielding a +0 dagger.
You hit the goblin.
You kill the goblin!
You closely miss the kobold. The kobold closely misses you.
You hit the goblin.
The goblin is moderately wounded.
The goblin completely misses you. The kobold barely misses you.
A frilled lizard comes into view.
You closely miss the goblin.
The goblin is moderately wounded.
The goblin hits you but does no damage. The kobold hits you but does no damage.
The endoplasm hits you. The goblin closely misses you.
The kobold hits you but does no damage.
The frilled lizard hisses angrily.
You hit the goblin.
You kill the goblin!
The endoplasm hits you.
The kobold hits you with a +0 short sword.
You are too injured to fight recklessly!
You are too injured to fight recklessly!
You are too injured to fight recklessly!
You are too injured to fight recklessly!
You are too injured to fight recklessly!
You are too injured to fight recklessly!
You are too injured to fight recklessly!
The kobold attacks as you move away! The kobold hits you but does no damage.
There is a stone staircase leading down here.
The endoplasm attacks as you move away!
The endoplasm hits you but does no damage.
You barely miss the endoplasm. The endoplasm barely misses you.
You hit the endoplasm but do no damage. The endoplasm barely misses you.
You hit the endoplasm.
The endoplasm is moderately wounded.
The endoplasm hits you.
You are too injured to fight recklessly!
You are too injured to fight recklessly!
You are too injured to fight recklessly!
You thump the endoplasm!
You kill the endoplasm!
You hit the frilled lizard.
You kill the frilled lizard!
The kobold hits you with a +0 short sword.
You closely miss the kobold. The kobold hits you but does no damage.
You sock the kobold!
You kill the kobold!
Things that are here:
a +0 short sword; a kobold corpse A kobold comes into view.
It is wielding a +0 club.
A kobold is nearby!
A kobold is nearby!
The kobold shouts!
There is a stone staircase leading down here.
You barely miss the kobold. The kobold hits you with a +0 club.
You barely miss the kobold. The kobold hits you but does no damage.
You hit the kobold.
You kill the kobold!
No target in view!
No target in view!
A kobold comes into view. It is wielding a +0 short sword.
A kobold is nearby!
A kobold is nearby!
The kobold shouts!
You hear a shout!
Things that are here:
a +0 dagger; a goblin corpse You barely miss the kobold.
The kobold hits you with a +0 short sword.
You barely miss the kobold.
The kobold hits you with a +0 short sword.
You sock the kobold!
You kill the kobold!
No target in view!
No target in view!
No target in view!
No target in view!
No target in view!
No target in view!
A hobgoblin comes into view. It is wielding a +0 club.
A hobgoblin is nearby!
A hobgoblin is nearby!
Things that are here:
a +0 short sword; a kobold corpse
Found a stone staircase leading down.
You barely miss the hobgoblin. The hobgoblin barely misses you.
You hit the hobgoblin.
The hobgoblin is almost dead.
The hobgoblin barely misses you. The hobgoblin hits you with a +0 club.
You hit the hobgoblin.
You kill the hobgoblin!
No target in view!
No target in view!
No target in view!
A goblin comes into view. It is wielding a +0 long sword.
A goblin is nearby!
A goblin is nearby!
The goblin shouts!
Things that are here:
a +0 club; a hobgoblin corpse A dart slug comes into view.
The goblin throws a stone.
The stone hits you but does no damage.
The goblin hits you with a +0 long sword.
You closely miss the goblin. The goblin closely misses you.
You thump the goblin!
You kill the goblin!
The dart slug launches a dart at you. The slug dart hits you.
Things that are here:
a +0 long sword; 5 stones; a goblin corpse The dart slug launches a dart at you.
The slug dart hits you.
You sock the dart slug!
The dart slug is almost dead.
The dart slug barely misses you.
You hit the dart slug.
You kill the dart slug!
No target in view!
No target in view!
HP restored.
Things that are here:
a +0 club; a hobgoblin corpse
Things that are here:
a +0 short sword; a kobold corpse
h - 2 blue potions (gained 1)
You open the door.
There is an open door here.
h - 3 blue potions (gained 1)
You now have 127 gold pieces (gained 11).
An endoplasm comes into view.
The endoplasm quivers.
An endoplasm is nearby!
An endoplasm is nearby!
The endoplasm hits you but does no damage.
You sock the endoplasm!
You kill the endoplasm!
No target in view!
No target in view!
No target in view!
No target in view!
No target in view!
No target in view!
A frilled lizard comes into view.
A frilled lizard is nearby!
A frilled lizard is nearby!
A goblin comes into view. It is wielding a +0 dagger.
Found 7 gold pieces.
The goblin shouts!
You hear a shout!
A goblin comes into view. It is wielding a +0 club.
An endoplasm comes into view.
The endoplasm quivers.
The frilled lizard barely misses you.
The frilled lizard attacks as you move away!
The frilled lizard barely misses you.
A bat comes into view.
The goblin attacks as you move away! The goblin closely misses you.
The bat hits you but does no damage. The bat barely misses you.
The frilled lizard attacks as you move away!
The frilled lizard misses you. The bat hits you but does no damage.
The goblin attacks as you move away! The goblin hits you but does no damage.
The bat hits you but does no damage. The bat misses you.
The bat attacks as you move away! The bat hits you but does no damage.
The bat closely misses you.
You closely miss the goblin. The goblin hits you but does no damage.
You closely miss the goblin. The goblin hits you with a +0 club.
You hit the goblin.
The goblin is moderately wounded.
The goblin hits you but does no damage.
You hit the goblin.
You kill the goblin!
The bat closely misses you.
The frilled lizard bites you but does no damage.
You hit the frilled lizard.
You kill the frilled lizard!
The bat hits you but does no damage.
You sock the bat!
You kill the bat!
You hit the endoplasm but do no damage.
The endoplasm hits you but does no damage.
You hit the endoplasm.
The endoplasm is almost dead.
The endoplasm freezes you.
You are frozen.
You sock the endoplasm!
You kill the endoplasm!
You closely miss the goblin. The goblin hits you with a +0 dagger.
The goblin hits you but does no damage.
You closely miss the goblin. Your punch misses the goblin.
The goblin barely misses you.
You sock the goblin!
You kill the goblin!
No target in view!
No target in view!
No target in view!
No target in view!
No target in view!
No target in view!
No target in view!
No target in view!
No target in view!
No target in view!
No target in view!
No target in view!
Items here: )) †††.
You now have 134 gold pieces (gained 7).
A hobgoblin comes into view.
A hobgoblin is nearby!
A hobgoblin is nearby!
The hobgoblin misses you.
You hit the hobgoblin.
The hobgoblin is moderately wounded.
The hobgoblin hits you.
You sock the hobgoblin!
You kill the hobgoblin!
You have reached level 5!
A quokka comes into view.
A quokka is nearby!
A quokka is nearby!
A quokka is nearby!
You hit the quokka.
You kill the quokka!
No target in view!
No target in view!
No target in view!
No target in view!
No target in view!
No target in view!
No target in view!
A kobold comes into view. It is wielding a +0 short sword.
The kobold shouts!
The kobold throws a stone.
The stone hits you.
A kobold is nearby!
A kobold is nearby!
The kobold hits you with a +0 short sword.
You hit the kobold.
You kill the kobold!
No target in view!
No target in view!
No target in view!
No target in view!
No target in view!
No target in view!
No target in view!
A gnoll is nearby!
A gnoll is nearby!
A gnoll is nearby!
You closely miss the gnoll.
The gnoll shouts!
The gnoll barely misses you. The gnoll hits you with a +0 club.
You barely miss the gnoll. The gnoll barely misses you.
You hit the gnoll.
The gnoll is moderately wounded.
The gnoll hits you with a +0 club.
You hit the gnoll but do no damage.
The gnoll is moderately wounded.
The gnoll hits you with a +0 club!
You barely miss the gnoll.
The gnoll is moderately wounded.
The gnoll hits you with a +0 club.
You are too injured to fight recklessly!
You are too injured to fight recklessly!
You are too injured to fight recklessly!
You are too injured to fight recklessly!
You are too injured to fight recklessly!
You are too injured to fight recklessly!
A gnoll is nearby!
A gnoll is nearby!
You hit the gnoll but do no damage.
The gnoll is moderately wounded.
The gnoll hits you with a +0 club. x2
You barely miss the gnoll.
The gnoll is moderately wounded.
The gnoll hits you with a +0 club.
* * * LOW HITPOINT WARNING * * *
You hit the gnoll.
The gnoll is heavily wounded.
The gnoll hits you but does no damage.
You hit the gnoll but do no damage.
The gnoll is heavily wounded.
The gnoll hits you with a +0 club.
* * * LOW HITPOINT WARNING * * *
You closely miss the gnoll.
The gnoll is heavily wounded.
The gnoll hits you with a +0 club.
* * * LOW HITPOINT WARNING * * *
You barely miss the gnoll.
The gnoll is heavily wounded.
The gnoll hits you with a +0 club.
* * * LOW HITPOINT WARNING * * *
The gnoll hits you with a +0 club.
* * * LOW HITPOINT WARNING * * *
You hit the gnoll.
The gnoll is almost dead.
The gnoll hits you but does no damage.
You completely miss the gnoll.
The gnoll is almost dead.
The gnoll hits you with a +0 club.
* * * LOW HITPOINT WARNING * * *
You completely miss the gnoll.
The gnoll is almost dead.
The gnoll hits you with a +0 club.
* * * LOW HITPOINT WARNING * * *
You thump the gnoll!
You kill the gnoll!
Things that are here:
a +0 club; a gnoll corpse An endoplasm comes into view.
The endoplasm moves out of view.
An endoplasm is nearby!
An endoplasm is nearby!
An endoplasm is nearby!
The endoplasm quivers.
Found a scroll labelled LUENAWNUJEO.
You thump the endoplasm!
You kill the endoplasm!
No target in view!
No target in view!
No target in view!
No target in view!
No target in view!
No target in view!
No target in view!
No target in view!
No target in view!
l - a scroll labelled LUENAWNUJEO
Things that are here:
a +0 club; a +0 dagger of holy wrath
Things that are here:
2 stones; a +0 whip
m - a metallic inky potion As you open the door, it creaks loudly!
A bat comes into view.
The bat completely misses you.
A hobgoblin comes into view.
The bat hits you but does no damage.
You miss the bat. The bat hits you but does no damage.
The bat closely misses you. The bat hits you but does no damage.
You sock the bat!
You kill the bat!
You barely miss the hobgoblin. The hobgoblin hits you.
You barely miss the hobgoblin. The hobgoblin barely misses you.
You closely miss the hobgoblin.
The hobgoblin hits you but does no damage.
You sock the hobgoblin!
You kill the hobgoblin!
No target in view!
No target in view!
No target in view!
No target in view!
No target in view!
There is an open door here.
Things that are here:
a hobgoblin corpse; a bat corpse A giant cockroach comes into view.
A giant cockroach is nearby!
A giant cockroach is nearby!
A giant cockroach is nearby!
The giant cockroach bites you but does no damage.
You hit the giant cockroach.
You kill the giant cockroach!
No target in view!
No target in view!
No target in view!
No target in view!
No target in view!
No target in view!
A kobold comes into view.
It is wielding a +0 short sword of protection.
A kobold is nearby!
A kobold is nearby!
A kobold is nearby!
You barely miss the kobold. The kobold hits you but does no damage.
The kobold closely misses you.
You hit the kobold.
The kobold is severely wounded.
The kobold hits you with a +0 short sword of protection.
You hit the kobold.
You kill the kobold!
No target in view!
No target in view!
No target in view!
No target in view!
No target in view!
No target in view!
No target in view!
No target in view!
No target in view!
No target in view!
No target in view!
Things that are here:
a +0 short sword of protection; 4 stones; a kobold corpse
Things that are here:
a +0 short sword of protection; 4 stones; a kobold corpse
There is an open door here.
Things that are here:
a hobgoblin corpse; a bat corpse
i - 2 fizzy golden potions (gained 1)
You now have 138 gold pieces (gained 4).
Key pressed, stopping explore.
Things that are here:
2 stones; a +0 whip
Things that are here:
a +0 club; a +0 dagger of holy wrath You now have 148 gold pieces (gained 10).
Key pressed, stopping explore.
Things that are here:
a +0 club; a +0 dagger of holy wrath
Things that are here:
2 stones; a +0 whip
There is an open door here.
You enter the shallow water.
Moving in this stuff is going to be slow.
Partly explored, can't reach some places.
Partly explored, can't reach some places.
Partly explored, can't reach some places.
(D) Dungeon
Where to? (Enter - D:1, ? - help)
There is an open door here.
Things that are here:
2 stones; a +0 whip
Things that are here:
a +0 club; a +0 dagger of holy wrath
There is a stone staircase leading down here.
You climb downwards.
There is a stone staircase leading up here.
Done exploring.
Done exploring.
Done exploring.
(D) Dungeon
Where to? (Enter - D:2, ? - help)
You open the door.
There is an open door here.
As you open the door, it creaks loudly!
Done exploring.
Done exploring.
(D) Dungeon
Where to? (Enter - D:3, ? - help)
There is an open door here.
There is an entrance to Muuzefez's Distillery here.
There is a stone staircase leading down here.
You climb downwards.
Found 13 gold pieces and a Young Poisoner's Handbook.
There is a stone staircase leading up here.
You now have enough gold to buy a scarf of repulsion on D:2.
You can access your shopping list by pressing '$'.
You now have 161 gold pieces (gained 13).
You pick up a Young Poisoner's Handbook and begin reading...
You add the spells Sting, Poisonous Vapours and Olgreb's Toxic Radiance to your library.
A goblin comes into view. It is wielding a +0 dagger.
The goblin shouts!
A goblin is nearby!
A goblin is nearby!
You closely miss the goblin. The goblin hits you with a +0 dagger.
You closely miss the goblin. The goblin hits you but does no damage.
You hit the goblin.
The goblin is heavily wounded.
The goblin hits you with a +0 dagger.
You hit the goblin.
You kill the goblin!
No target in view!
No target in view!
No target in view!
No target in view!
No target in view!
A dart slug comes into view.
A dart slug is nearby!
A dart slug is nearby!
The dart slug bites you.
You see here a +0 dagger.
You sock the dart slug!
The dart slug is severely wounded.
You sock the dart slug!
You kill the dart slug!
No target in view!
No target in view!
No target in view!
No target in view!
HP restored.
A frilled lizard comes into view.
The frilled lizard hisses angrily.
A frilled lizard is nearby!
A frilled lizard is nearby!
The frilled lizard barely misses you.
You see here a scroll labelled QAPPOSHIVU.
You hit the frilled lizard.
You kill the frilled lizard!
No target in view!
No target in view!
No target in view!
No target in view!
No target in view!
No target in view!
g - 6 scrolls labelled QAPPOSHIVU (gained 1)
You see here a frilled lizard corpse.
You see here a frilled lizard corpse.
You see here a +0 dagger.
There is a stone staircase leading up here.
A ball python comes into view.
The ball python hisses angrily.
A quokka comes into view.
There are monsters nearby!
There are monsters nearby!
You hit the ball python.
The ball python is severely wounded.
The ball python bites you but does no damage.
You hit the ball python.
You kill the ball python!
The quokka bites you but does no damage.
You thump the quokka!
You kill the quokka!
No target in view!
No target in view!
No target in view!
No target in view!
No target in view!
No target in view!
No target in view!
No target in view!
No target in view!
No target in view!
No target in view!
No target in view!
No target in view!
No target in view!
You see here a ball python corpse.
Found 5 stones.
Found 5 stones.
Found a stone staircase leading down.
No target in view!
No target in view!
You see here 5 stones.
A frilled lizard comes into view.
The frilled lizard hisses angrily.
A frilled lizard is nearby!
A frilled lizard is nearby!
An endoplasm comes into view.
The frilled lizard barely misses you.
You miss the frilled lizard.
The endoplasm quivers.
The frilled lizard bites you.
You thump the frilled lizard!
You kill the frilled lizard!
The endoplasm hits you but does no damage.
You hit the endoplasm.
The endoplasm is heavily wounded.
The endoplasm barely misses you.
The endoplasm hits you but does no damage.
You barely miss the endoplasm.
The endoplasm is heavily wounded.
The endoplasm barely misses you.
You sock the endoplasm!
You kill the endoplasm!
No target in view!
An endoplasm comes into view.
An endoplasm is nearby!
An endoplasm is nearby!
You hit the endoplasm.
The endoplasm is almost dead.
The endoplasm freezes you.
You are frozen.
You hit the endoplasm.
You kill the endoplasm!
No target in view!
No target in view!
No target in view!
No target in view!
No target in view!
Found a stone staircase leading up.
Found a robe.
A frilled lizard comes into view.
The frilled lizard hisses angrily.
You hit the frilled lizard.
You kill the frilled lizard!
No target in view!
No target in view!
No target in view!
No target in view!
No target in view!
No target in view!
You now have 169 gold pieces (gained 8).
Found a ring mail.
You see here a +0 ring mail.
Found a stone staircase leading down.
n - a scroll labelled XOOMEX LIF A worm comes into view.
Found 5 stones.
You hit the worm.
The worm is lightly wounded.
The worm barely misses you.
You hit the worm.
The worm is heavily wounded.
You hit the worm.
The worm is severely wounded.
The worm bites you!
You barely miss the worm.
The worm is severely wounded.
The worm closely misses you.
You hit the worm.
The worm is almost dead.
You sock the worm!
You kill the worm!
No target in view!
A hobgoblin comes into view.
A hobgoblin is nearby!
A hobgoblin is nearby!
The hobgoblin shouts!
You barely miss the hobgoblin. The hobgoblin closely misses you.
You hit the hobgoblin.
The hobgoblin is severely wounded.
The hobgoblin hits you.
You hit the hobgoblin.
The hobgoblin is almost dead.
The hobgoblin hits you. The hobgoblin closely misses you.
You hit the hobgoblin but do no damage.
The hobgoblin is almost dead.
The hobgoblin hits you.
You closely miss the hobgoblin.
The hobgoblin is almost dead.
The hobgoblin hits you but does no damage.
You hit the hobgoblin.
You kill the hobgoblin!
No target in view!
No target in view!
A kobold comes into view. It is wielding a +2 dagger of draining.
A kobold is nearby!
A kobold is nearby!
Found a spear.
The kobold barely misses you.
You hit the kobold.
The kobold is severely wounded.
The kobold closely misses you.
You sock the kobold!
You kill the kobold!
No target in view!
No target in view!
No target in view!
No target in view!
No target in view!
No target in view!
Things that are here:
a +2 dagger of draining; 3 stones
Found a stone staircase leading up.
You now have 180 gold pieces (gained 11).
You now have 191 gold pieces (gained 11).
You see here a +0 sling.
A kobold comes into view. It is wielding a +0 dagger.
The kobold shouts!
A kobold is nearby!
A kobold is nearby!
A worm comes into view.
There is a stone staircase leading up here.
You see here a scroll labelled CALYOCH NIRYR.
You hit the kobold.
You kill the kobold!
The worm bites you.
You hit the worm.
The worm is lightly wounded.
You barely miss the worm.
The worm is lightly wounded.
The worm bites you but does no damage.
You hit the worm but do no damage. The worm bites you.
You hit the worm.
The worm is moderately wounded.
You hit the worm.
The worm is moderately wounded.
The worm barely misses you.
You sock the worm!
The worm is severely wounded.
The worm bites you.
You hit the worm.
The worm is almost dead.
You hit the worm but do no damage.
The worm is almost dead.
The worm barely misses you.
You barely miss the worm.
The worm is almost dead.
The worm barely misses you.
You hit the worm.
You kill the worm!
No target in view!
You see here a +0 dagger.
o - a scroll labelled CALYOCH NIRYR You now have 207 gold pieces (gained 16).
An adder comes into view.
Found a dagger.
The adder hisses angrily.
An adder is nearby!
The adder bites you.
You are poisoned.
The adder poisons you!
You barely miss the adder.
You feel sick. The adder bites you.
You miss the adder.
You feel sick. The adder barely misses you.
The adder bites you but does no damage.
You miss the adder.
You feel sick. The adder barely misses you.
You miss the adder.
You feel sick. The adder bites you.
You are more poisoned.
The adder poisons you! The adder bites you but does no damage.
You hit the adder.
The adder is moderately wounded.
You feel sick. The adder closely misses you.
You hit the adder but do no damage.
The adder is moderately wounded.
You feel sick. The adder bites you. x2
You are more poisoned.
The adder poisons you!
You are too injured to fight recklessly!
You are too injured to fight recklessly!
You are too injured to fight recklessly!
You are too injured to fight recklessly!
You are too injured to fight recklessly!
An adder is nearby!
An adder is nearby!
You barely miss the adder. You punch the adder, but do no damage.
The adder is moderately wounded.
You feel sick. The adder barely misses you.
You thump the adder!
You kill the adder!
You feel sick.
Your Maces & Flails skill increases to level 5!
You feel sick.
You feel sick.
You feel sick.
You feel sick.
You feel sick.
You are no longer poisoned.
An adder comes into view.
You see here 5 gold pieces.
An adder is nearby!
An adder is nearby!
The adder bites you but does no damage.
You barely miss the adder. The adder bites you but does no damage.
You closely miss the adder. The adder bites you.
You are poisoned.
The adder poisons you! The adder bites you.
You closely miss the adder. Your punch misses the adder.
You feel sick. The adder barely misses you.
You hit the adder.
The adder is lightly wounded.
You feel sick. The adder bites you but does no damage.
The adder closely misses you.
You barely miss the adder.
The adder is lightly wounded.
You feel sick. The adder barely misses you.
You barely miss the adder.
The adder is lightly wounded.
You feel sick. The adder bites you. x2
You miss the adder.
The adder is lightly wounded.
You feel sick.
You are no longer poisoned.
The adder barely misses you.
You closely miss the adder.
The adder is lightly wounded.
The adder barely misses you. The adder closely misses you.
You barely miss the adder.
The adder is lightly wounded.
The adder bites you.
You are poisoned.
The adder poisons you!
You hit the adder.
The adder is heavily wounded.
You feel sick. The adder bites you but does no damage. The adder misses you.
You miss the adder.
The adder is heavily wounded.
You feel sick. The adder bites you but does no damage.
An adder is nearby!
An adder is nearby!
You barely miss the adder.
The adder is heavily wounded.
You feel sick. The adder bites you but does no damage. The adder bites you.
You are more poisoned.
The adder poisons you!
You are too injured to fight recklessly!
You are too injured to fight recklessly!
You are too injured to fight recklessly!
You are too injured to fight recklessly!
You are too injured to fight recklessly!
You are too injured to fight recklessly!
You are too injured to fight recklessly!
You are too injured to fight recklessly!
You are too injured to fight recklessly!
You are too injured to fight recklessly!
You hit the adder but do no damage.
The adder is heavily wounded.
You feel sick. The adder bites you.
* * * LOW HITPOINT WARNING * * *
You hit the adder.
The adder is severely wounded.
You feel sick. The adder bites you.
* * * LOW HITPOINT WARNING * * *
The adder bites you.
* * * LOW HITPOINT WARNING * * *
You are more poisoned.
The adder poisons you!
You hit the adder.
The adder is almost dead.
You feel very sick. The adder bites you but does no damage.
You thump the adder!
You kill the adder!
You feel sick.
You feel sick.
You feel sick.
You feel sick.
You feel sick.
You feel sick.
You feel sick.
You are no longer poisoned.
Key pressed, stopping explore.
You now have 220 gold pieces (gained 13).
You now have 225 gold pieces (gained 5).
Found a stormy altar of Qazlal.
p - 3 poisoned darts
Found a scroll labelled LAYSEX USSEMO.
You see here a +2 short sword of venom.
No target in view!
No target in view!
No target in view!
q - a scroll labelled LAYSEX USSEMO
Found a stone staircase leading down.
There is a stone staircase leading down here.
j - 2 scrolls labelled ETYBREFAIS (gained 1)
There is a stone staircase leading down here.
You now have 232 gold pieces (gained 7).
Found a leather armour.
No target in view!
No target in view!
No target in view!
No target in view!
No target in view!
No target in view!
No target in view!
You see here a +0 leather armour.
You see here a +0 sling.
Things that are here:
a +2 dagger of draining; 3 stones Done exploring.
Done exploring.
Done exploring.
(D) Dungeon
Where to? (Enter - D:3, ? - help)
There is a stone staircase leading up here.
There is a stone staircase leading down here.
You climb downwards.
You hear the sound of rushing water.
There is an entrance to a sewer on this level.
Hurry and find it before the portal rusts away!
Edmund shouts!
You hear a shout!
Found 11 gold pieces and a robe.
Found a stone staircase leading down.
There is a stone staircase leading up here.
Unknown command.
Unknown command.
Unknown command.
Press: ? - help, v - describe, . - travel
Here: Edmund, wielding a +2 flail of holy wrath and wearing a +0 scale mail The floor.
Unknown command.
You aren't carrying any items that you can evoke.
Unknown command.
You climb upwards.
There is a stone staircase leading down here.
You see here 5 stones.
There is a stone staircase leading down here.
You climb downwards.
You hear the sound of rushing water.
There is an entrance to a sewer on this level.
Hurry and find it before the portal rusts away!
Level annotation: Edmund You hear the slow rusting of a very distant drain.
There is a stone staircase leading up here.
The endoplasm quivers.
Edmund shouts!
A ball python comes into view.
The endoplasm barely misses you.
You barely miss the endoplasm.
Edmund drinks a potion.
Edmund seems to speed up.
The endoplasm misses you.
You barely miss the endoplasm.
The endoplasm hits you but does no damage.
The endoplasm freezes you.
You are frozen.
You hit the endoplasm but do no damage.
Menkaure, Prince of Dust comes into view.
The endoplasm barely misses you.
Edmund says, "People accused me of being a cutpurse!"
Edmund hits you with a +2 flail of holy wrath!
The endoplasm hits you but does no damage.
You climb upwards.
There is a stone staircase leading down here.
Edmund hits you with a +2 flail of holy wrath!
Edmund attacks as you move away!
Edmund hits you with a +2 flail of holy wrath.
The endoplasm attacks as you move away! The endoplasm hits you.
* * * LOW HITPOINT WARNING * * *
Edmund attacks as you move away!
Edmund hits you with a +2 flail of holy wrath!
* * * LOW HITPOINT WARNING * * *
Edmund hits you with a +2 flail of holy wrath.
* * * LOW HITPOINT WARNING * * *
Okay, then.
It was a potion of might.
You feel very mighty all of a sudden. Edmund barely misses you.
It was a potion of flight.
You feel very buoyant.
You fly up into the air.
Edmund hits you with a +2 flail of holy wrath!
* * * LOW HITPOINT WARNING * * *
Edmund hits you with a +2 flail of holy wrath.
* * * LOW HITPOINT WARNING * * *
You hit Edmund.
Edmund is lightly wounded.
Edmund barely misses you.
Edmund hits you with a +2 flail of holy wrath.
You die...

############ ##########
#......[.... #........#
#.########.. #.######.########
#........).# #.# #........@@J#
#..#######..
#.###.##.######.###..########.
#........# ####>..............
#####.#### #..................
#...# #.######..####<###.
###)# #.# #..###...##.
#.####.# #......)....
#.##...## ##.###...#..
#.#.###.# #..........


You could see Edmund (fast) and an endoplasm.

Vanquished Creatures
  Robin (D:2)
  A gnoll (D:1)
  6 adders
  2 worms (D:3)
  2 dart slugs
  5 bats
  7 endoplasms
  6 giant cockroaches
  17 goblins
  10 hobgoblins
  10 kobolds
  4 quokkas
  4 ball pythons
  A ball python skeleton (D:2)
  6 frilled lizards
  A jackal skeleton (D:2)
  A quokka skeleton (D:2)
  2 rats (D:2)
86 creatures vanquished.

Notes
Turn   | Place    | Note
-------+----------+-------------------------------------------
     0 | D:1      | sleeves the Ogre Warper began the quest for the Orb.
     0 | D:1      | Reached XP level 1. HP: 22/22 MP: 3/3
    98 | D:1      | HP: 11/22 [kobold/+0 whip (4)]
    99 | D:1      | Reached skill level 2 in Maces & Flails
   104 | D:1      | HP: 9/22 [frozen (3)]
   183 | D:1      | Reached XP level 2. HP: 28/29 MP: 5/5
   351 | D:2      | HP: 14/29 [poisoned by an adder]
   352 | D:2      | Reached skill level 3 in Maces & Flails
   484 | D:2      | Reached XP level 3. HP: 28/36 MP: 6/6
   581 | D:2      | Found Muuzefez's Distillery.
   664 | D:2      | Found Lodim's Armour Emporium.
  1111 | D:2      | Reached XP level 4. HP: 38/44 MP: 7/7
  1296 | D:2      | Found Cuprilor's Assorted Antiques.
  1329 | D:2      | Reached skill level 4 in Maces & Flails
  1407 | D:2      | Noticed Robin
  1421 | D:2      | HP: 17/44 [Robin/+0 falchion (7)]
  1423 | D:2      | HP: 8/44 [Robin/+0 falchion (4)]
  1424 | D:2      | Killed Robin
  2046 | D:1      | Reached XP level 5. HP: 49/50 MP: 8/8
  2088 | D:1      | HP: 23/50 [gnoll/+0 club (5)]
  2094 | D:1      | HP: 13/50 [gnoll/+0 club (1)]
  3180 | D:3      | Reached skill level 5 in Maces & Flails
  3284 | D:3      | HP: 24/50 [adder (4)]
  3289 | D:3      | HP: 14/50 [poisoned by an adder]
  3460 | D:3      | Found a stormy altar of Qazlal.
  3671 | D:4      | Noticed Edmund
  3735 | D:4      | Noticed Menkaure
  3739 | D:3      | HP: 24/50 [endoplasm (3)]
  3742 | D:3      | HP: 5/50 [Edmund/+2 flail of holy wrath (10)]
  3742 | D:3      | HP: 2/50 [Edmund/+2 flail of holy wrath (3)]
  3743 | D:3      | Slain by Edmund

Illustrated notes

Levels and vault maps discovered:
D:1:      dpeg_cavernosity, layout_basic
D:2:      layout_loops_corners, serial_shops, shop, nicolae_square_shop,
          nicolae_shop_behind_doors, serial_undead, serial_undead_b,
          serial_undead_c, serial_undead_c, serial_undead_f, uniq_robin
D:3:      layout_loops_ring, lemuel_crystal_altar
D:4:      layout_cave_pools, temple_hall, gup_sewer_entry_glass, uniq_menkaure,
          uniq_edmund, uniq_duvessa

Skill      XL: |  1  2  3  4  5 |
---------------+----------------+-----
Maces & Flails | 2 3 4 5 |  5.1
Fighting       | |  2.6
Throwing       | |  1.0
Dodging        | |  2.1
Spellcasting   | |  2.4
Translocations | |  2.6

Action                   |  1- 3 |  4- 6 || total
-------------------------+-------+-------++-------
Melee: Mace              |   114 |   195 ||   309
       Punch             |     2 |     1 ||     3
  Use: Potion            |       |     2 ||     2
Armor: Robe              |    47 |    56 ||   103
Dodge: Dodged            |    68 |    73 ||   141

Table legend: (Time is in decaauts)
 A = Elapsed time spent in this place.
 B = Non-inter-level travel time spent in this place.
 C = Inter-level travel time spent in this place.
 D = Time resting spent in this place.
 E = Time spent auto-exploring this place.
 F = Levels seen in this place.
 G = Mean time per level.
                   A        B        C        D        E       F      G
               +--------+--------+--------+--------+--------+-----+--------+
         Total |   3806 |   3592 |    214 |      0 |   2951 |   4 |  951.5 |
       Dungeon |   3806 |   3592 |    214 |      0 |   2951 |   4 |  951.5 |
               +--------+--------+--------+--------+--------+-----+--------+

Top non-repeatable levels by time:
     D:2: 1493 daAuts
     D:1: 1306 daAuts
     D:3: 992 daAuts
     D:4: 13 daAuts
